 Dungeon Crawl Stone Soup version 0.28-a0-655-g4eb62b627b (webtiles) character file.

Game seed: 3166933923672190591

13480 lawman0 the Spear-Bearer (level 12, -17/124 HPs)
             Began as a Merfolk Enchanter on Oct 12, 2021.
             Was an Elder of Fedhas.
             Killed from afar by a hell hog (20 damage)
             ... with a fireball
             ... in a volcano.
             The game lasted 00:40:56 (15014 turns).

lawman0 the Spear-Bearer (Merfolk Enchanter)       Turns: 15014, Time: 00:40:57

Health: -17/124    AC: 11    Str:  9    XL:     12   Next: 6%
Magic:  17/20      EV: 20    Int: 21    God:    Fedhas [****..]
Gold:   275        SH: 11    Dex: 22    Spells: 6/22 levels left

rFire   . . .      SeeInvis +   a - +2 trident (vamp)
rCold   . . .      Faith    .   C - +0 buckler
rNeg    . . .      Spirit   .   k - +0 leather armour
rPois   .          Reflect  +   H - +3 crown of Dyrovepreva {rElec Int+2 SInv}
rElec   +          Harm     .   l - +0 cloak
rCorr   .          Rampage  .   c - +0 pair of gloves
Will    .....                   b - +2 pair of boots
Stlth   ..........              n - amulet of reflection
HPRegen 0.30/turn               o - +4 ring of evasion
MPRegen 0.17/turn               x - +6 ring of dexterity

@: berserking, freezing walls, very quick
A: (nimble swimmer 2), mertail, agile 1
a: Renounce Religion, Wall of Briars, Grow Ballistomycete, Overgrow


You were in a volcano.
You worshipped Fedhas.
Fedhas was greatly pleased with you.
You visited 3 branches of the dungeon, and saw 14 of its levels.
You also visited: Volcano.

You collected 583 gold pieces.
You spent 308 gold pieces at shops.

Inventory:

Hand Weapons
 a - a +2 vampiric trident (weapon)
 d - a +0 dagger of venom
Missiles
 g - 7 silver javelins
 t - 3 boomerangs of dispersal
 u - 3 javelins
 K - a silver boomerang
 N - 3 curare-tipped darts (quivered)
Armour
 b - a +2 pair of boots (worn)
 c - a +0 pair of gloves (worn)
 k - a +0 leather armour (worn)
 l - a +0 cloak (worn)
 C - a +0 buckler (worn)
 H - the +3 crown of Dyrovepreva (worn) {rElec Int+2 SInv}
   (You found it on level 9 of the Dungeon)

   Int:       It affects your intelligence (+2).
   rElec:     It insulates you from electricity.
   SInv:      It lets you see invisible.
Jewellery
 n - an amulet of reflection (around neck)
 o - a +4 ring of evasion (left hand)
 r - a ring of willpower
 x - a +6 ring of dexterity (right hand)
Wands
 s - a wand of flame (62)
 y - a wand of iceblast (17)
 I - a wand of paralysis (8)
 L - a wand of charming (6)
Scrolls
 f - 6 scrolls of teleportation
 j - a scroll of torment
 m - 3 scrolls of fog
 F - a scroll of blinking
 G - 2 scrolls of silence
Potions
 h - 3 potions of attraction
 i - 3 potions of lignification
 p - 4 potions of brilliance {unknown}
 v - a potion of heal wounds
 w - 2 potions of curing
 z - 2 potions of ambrosia
 A - 4 potions of flight
 B - 2 potions of magic {unknown}
 D - 3 potions of cancellation
 J - a potion of haste
Miscellaneous
 P - a lightning rod (4/4)


   Skills:
 + Level 3.9 Fighting
 + Level 2.9 Short Blades
 + Level 9.3 Polearms
 + Level 1.3 Throwing
 + Level 2.8 Armour
 + Level 6.6 Dodging
 + Level 6.9 Stealth
 + Level 5.2 Shields
 + Level 5.8 Spellcasting
 + Level 4.9 Conjurations
 + Level 7.0 Hexes
 + Level 7.2 Ice Magic
 * Level 7.4 Invocations
 + Level 1.2 Evocations


You had 6 spell levels left.
You knew the following spells:

 Your Spells              Type           Power      Damage    Failure   Level
a - Freeze                Ice            100%       1d11      1%          1
b - Frozen Ramparts       Ice            72%        1d9       1%          3
c - Dazzling Flash        Conj/Hex       62%        N/A       3%          3
d - Corpse Rot            Necr/Air       N/A        N/A       21%         2
e - Tukima's Dance        Hex            35%        N/A       2%          3
f - Fulminant Prism       Conj/Hex       15%        3d11      12%         4

Your spell library contained the following spells:

 Spells                   Type           Power      Damage    Failure   Level
 Magic Dart               Conj           100%       1d8       1%          1
 Ensorcelled Hibernation  Hex/Ice        72%        N/A       1%          2
 Searing Ray              Conj           52%        2d6       2%          2
 Confusing Touch          Hex            35%        N/A       2%          3
 Hailstorm                Conj/Ice       31%        3d8       11%         4
 Call Imp                 Summ           6%         N/A       21%         2
 Poisonous Vapours        Pois/Air       12%        N/A       21%         2
 Mephitic Cloud           Conj/Pois/Air  12%        N/A       21%         3
 Gell's Gravitas          Tloc           3%         N/A       38%         3
 Teleport Other           Tloc           6%         N/A       38%         3
 Dispersal                Tloc           3%         N/A       100%        6


Dungeon Overview and Level Annotations

Branches:
Dungeon (10/15)            Temple (1/1) D:5            Lair (3/6) D:10
  Snake (0/4) Lair:2      Volcano (1/1)
  Swamp: Lair:2-4    Shoals: Lair:2-4       Orc: D:9-12

Altars:
Ashenzari
Cheibriados
Dithmenos
Elyvilon
Fedhas
Gozag
Hepliaklqana
Kikubaaqudgha
Makhleb
Nemelex Xobeh
Okawaru
Qazlal
Ru
Sif Muna
Trog
Uskayaw
Vehumet
Wu Jian
Xom
Yredelemnul
Zin
The Shining One
Lugonu

Shops:
D:7 *?[(

Annotations:
D:10 exclusion: Joseph


Innate Abilities, Weirdness & Mutations

((You are quick and stealthy near water. (Stealth+, EV+, Speed+++)))
Your lower body shifts to a powerful aquatic tail in water.
You are agile. (Dex +2)


Message History

The fireball explodes!
The fireball engulfs the fire bat.
The fire bat completely resists.
The fireball engulfs the fire bat.
The fire bat completely resists.
The fireball engulfs the fire bat.
The fire bat completely resists.
The fireball engulfs you!!
* * * LOW HITPOINT WARNING * * *
The fireball engulfs the hell hog.
The hell hog completely resists.
Unknown command.
Unknown command.
You miss the fire bat.
The fire bat is almost dead.
You are engulfed in a cloud of scalding steam.
* * * LOW HITPOINT WARNING * * *
The wall freezes the fire bat.
The fire bat closely misses you.
The fire bat is frozen!
The wall freezes the fire bat.
You kill the fire bat!
Fedhas accepts your kill.
The wall freezes the fire bat. x2
You kill the fire bat!
Fedhas accepts your kill.
The wall freezes the hell hog.
The fire bat is frozen!
The wall freezes the fire bat.
You puncture the hell hog!
The hell hog is moderately wounded.
You are engulfed in a cloud of scalding steam.
* * * LOW HITPOINT WARNING * * *
The fire bat is frozen!
The wall freezes the fire bat.
The wall freezes the hell hog.
The hell hog bites you.
* * * LOW HITPOINT WARNING * * *
The hell hound is frozen!
The wall freezes the hell hound!
You puncture the hell hog!
The hell hog is heavily wounded.
You are engulfed in a cloud of scalding steam.
* * * LOW HITPOINT WARNING * * *
The fire bat is frozen!
The wall freezes the fire bat. x2
The fire bat is frozen!
The wall freezes the fire bat.
The wall freezes the hell hog.
The hell hog breathes fire at you.
The fireball explodes!
The fireball engulfs you!!
You die...
Fedhas appreciates your contribution to the ecosystem. ####### +.....+ .8_8. bbh

#h# ≈≈§≈≈≈..# #@#
≈§≈§≈≈≈.# #.# §≈≈≈≈§≈.#
#.# ≈≈≈≈≈≈≈.# #.#
≈§≈≈≈≈≈.# #.# ≈§§≈≈≈§.#
#.#
§§§≈≈≈≈.########'#######
...§≈..........§§.......
≈≈≈§§§≈≈§§§§§.≈≈≈≈≈§≈§§≈


You could see a hell hog (catching breath), a hell hound (catching breath) and 2
fire bats.

Vanquished Creatures
  2 centaur warriors
  A two-headed ogre (D:9)
  Urug (Lair:1)
  2 deep elf pyromancers (D:9)
  A manticore (D:10)
  A centaur zombie (D:6)
  Joseph (D:10)
  A black mamba (Lair:1)
  4 cane toads
  A blink frog (Lair:2)
  Sigmund (D:5)
  4 wyverns
  7 yaks
  A wraith (D:10)
  2 fire bats (Volcano)
  A basilisk (D:10)
  Menkaure (D:6)
  Edmund (D:5)
  3 water moccasins
  Duvessa (D:7)
  2 hell hounds (Lair:2)
  A swamp drake (D:9)
  2 necrophages
  An orc warrior (D:6)
  3 ice beasts
  3 black bears
  A sky beast (D:5)
  3 ogres
  2 centaurs
  A kobold brigand (D:9)
  2 gnoll sergeants
  Blork the orc (D:6)
  5 bullfrogs
  3 scorpions
  Dowan (D:7)
  4 killer bees (D:8)
  6 wights
  2 howler monkeys
  2 electric eels (D:4)
  A crimson imp (D:9)
  2 lava snakes (Volcano)
  A gnoll shaman (D:9)
  7 hounds
  A bullfrog skeleton (D:5)
  An orc priest (D:10)
  A jelly (D:5)
  A centaur skeleton (D:6)
  An iron imp (D:9)
  A scorpion zombie (D:5)
  2 iguanas (D:5)
  12 orc wizards
  2 killer bee zombies
  15 gnolls
  9 adders
  2 howler monkey skeletons
  2 shadow imps
  3 white imps
  4 ufetubi
  An adder skeleton (D:4)
  2 worms
  A dart slug (D:3)
  37 orcs
  12 endoplasms
  5 giant cockroaches
  7 goblins
  8 hobgoblins
  4 jackals (D:2)
  8 quokkas
  7 ball pythons
  7 bats
  3 frilled lizards
  11 kobolds
  6 rats
269 creatures vanquished.

Vanquished Creatures (collateral kills)
  An ogre (D:3)
  8 wights
  2 orcs (D:3)
  9 ballistomycete spores (D:10)
20 creatures vanquished.

Vanquished Creatures (others)
  6 dancing weapons
  An orc (D:9)
  A ballistomycete spore (D:8)
  2 fulminant prisms (Lair:1)
  A fungus (D:10)
  9 plants
  3 withered plants (D:9)
23 creatures vanquished.

Grand Total: 312 creatures vanquished

Notes
Turn   | Place    | Note
-------+----------+-------------------------------------------
     0 | D:1      | lawman0 the Merfolk Enchanter began the quest for the Orb.
     0 | D:1      | Reached XP level 1. HP: 13/13 MP: 3/3
    35 | D:1      | hell yeah
   131 | D:1      | Learned a level 1 spell: Freeze
   327 | D:1      | Reached XP level 2. HP: 19/19 MP: 5/5
   630 | D:1      | Learned a level 2 spell: Ensorcelled Hibernation
   871 | D:1      | You fall into a shaft and drop 1 floor!
   879 | D:2      | Reached XP level 3. HP: 25/25 MP: 6/6
  1288 | D:2      | Found a faded altar of an unknown god.
  1311 | D:2      | Learned a level 3 spell: Dazzling Flash
  1899 | D:2      | Found a shadowy altar of Dithmenos.
  2186 | D:3      | Reached XP level 4. HP: 20/31 MP: 7/7
  2189 | D:3      | Noticed a scorpion
  2203 | D:3      | Killed a scorpion
  2204 | D:3      | Reached skill level 1 in Ice Magic
  2204 | D:3      | Reached XP level 5. HP: 18/36 MP: 5/8
  2500 | D:3      | Found a shadowy altar of Dithmenos.
  2522 | D:3      | You fall into a shaft and drop 3 floors!
  2699 | D:6      | Noticed Blork the orc
  2706 | D:6      | Killed Blork the orc
  2707 | D:6      | Reached skill level 1 in Fighting
  2707 | D:6      | Reached skill level 1 in Conjurations
  2736 | D:6      | Learned a level 2 spell: Corpse Rot
  2791 | D:5      | Entered Level 5 of the Dungeon
  2801 | D:5      | Reached skill level 5 in Stealth
  2805 | D:5      | Reached XP level 6. HP: 33/43 MP: 7/9
  3050 | D:4      | Reached skill level 1 in Armour
  3080 | D:4      | Found a transporter.
  3166 | D:4      | Found a transporter.
  3342 | D:4      | Reached XP level 7. HP: 39/48 MP: 10/10
  3735 | D:4      | Learned a level 3 spell: Tukima's Dance
  4464 | D:4      | Reached skill level 1 in Polearms
  4667 | D:4      | Reached XP level 8. HP: 51/54 MP: 12/12
  4785 | D:4      | Reached skill level 2 in Polearms
  4951 | D:4      | Reached skill level 3 in Polearms
  5174 | D:5      | Found a staircase to the Ecumenical Temple.
  5183 | Temple   | Entered the Ecumenical Temple
  5185 | Temple   | >:(
  5217 | Temple   | Became a worshipper of Fedhas Madash
  5947 | D:3      | Learned a level 3 spell: Frozen Ramparts
  6233 | D:5      | Reached * piety under Fedhas
  6256 | D:5      | Reached skill level 1 in Invocations
  6308 | D:5      | Found an opulent altar of Gozag.
  6308 | D:5      | Found a hide-covered altar of Uskayaw.
  6309 | D:5      | Found a glowing silver altar of Zin.
  6418 | D:5      | Reached skill level 4 in Polearms
  6545 | D:5      | Noticed Sigmund
  6559 | D:5      | Killed Sigmund
  6560 | D:5      | Reached skill level 5 in Hexes
  6560 | D:5      | Reached XP level 9. HP: 11/59 MP: 15/15
  6584 | D:5      | Noticed Edmund
  6588 | D:5      | Gained mutation: Potions are less effective at restoring
                  | your health. [potion of mutation]
  6599 | D:5      | Killed Edmund
  6802 | D:5      | Lost mutation: Potions are less effective at restoring your
                  | health. [potion of mutation]
  6802 | D:5      | Gained mutation: You are occasionally teleported next to
                  | monsters. [potion of mutation]
  6802 | D:5      | Gained mutation: Your system is resistant to poisons.
                  | (rPois) [potion of mutation]
  7090 | D:5      | Reached skill level 1 in Shields
  7398 | D:6      | Reached skill level 5 in Ice Magic
  7579 | D:6      | Reached skill level 5 in Polearms
  7645 | D:6      | Noticed Menkaure
  7795 | D:6      | Killed Menkaure
  7795 | D:6      | Reached ** piety under Fedhas
  7948 | D:6      | Found a bloodstained altar of Trog.
  8159 | D:7      | Found Umeqefai's Weapon Boutique.
  8243 | D:7      | Reached XP level 10. HP: 62/67 MP: 12/16
  8252 | D:7      | Reached skill level 5 in Dodging
  8281 | D:7      | Found a shimmering altar of Xom.
  8281 | D:7      | Found a shimmering altar of Xom.
  8281 | D:7      | Found a shimmering altar of Xom.
  8281 | D:7      | Found a shimmering altar of Xom.
  8281 | D:7      | Found a shimmering altar of Xom.
  8281 | D:7      | Found a shimmering altar of Xom.
  8485 | D:7      | Identified the +0 robe of the Blind Marksman {rElec Int+4}
  8574 | D:7      | Reached *** piety under Fedhas
  8601 | D:7      | Reached skill level 6 in Polearms
  8911 | D:7      | Found Gilil's Magic Scroll Emporium.
  8927 | D:7      | Bought a scroll of blinking for 112 gold pieces
  8927 | D:7      | Bought a scroll of silence for 112 gold pieces
  8936 | D:7      | Bought a scroll of identify for 30 gold pieces
  8936 | D:7      | Bought a scroll of identify for 30 gold pieces
  8995 | D:7      | Found Zuatutsa's General Store.
  8998 | D:7      | Bought a scroll of identify for 24 gold pieces
  8999 | D:7      | Noticed Duvessa
  8999 | D:7      | Noticed Dowan
  9003 | D:7      | Killed Dowan
  9018 | D:7      | Killed Duvessa
  9252 | D:7      | Found a shimmering blue altar of Sif Muna.
  9252 | D:7      | Found a burning altar of Makhleb.
  9253 | D:7      | Found a snail-covered altar of Cheibriados.
  9314 | D:7      | Found Resses's Antique Armour Emporium.
  9807 | D:8      | Lost mutation: Your system is resistant to poisons. (rPois)
                  | [potion of mutation]
  9807 | D:8      | Lost mutation: You are occasionally teleported next to
                  | monsters. [potion of mutation]
  9807 | D:8      | Gained mutation: You are agile. (Dex +2) [potion of
                  | mutation]
 10186 | D:8      | Noticed a centaur warrior
 10198 | D:8      | Killed a centaur warrior
 10199 | D:8      | Reached skill level 1 in Throwing
 11175 | D:9      | Found a white marble altar of Elyvilon.
 11208 | D:9      | Found a sacrificial altar of Ru.
 11217 | D:9      | Found a basalt altar of Yredelemnul.
 11400 | D:9      | Found the +3 crown of Dyrovepreva {rElec Int+2 SInv}
 11400 | D:9      | Noticed a deep elf pyromancer
 11401 | D:9      | oh
 11402 | D:9      | Noticed a deep elf pyromancer
 11409 | D:9      | Killed a deep elf pyromancer
 11410 | D:9      | Reached skill level 5 in Invocations
 11410 | D:9      | Killed a deep elf pyromancer
 11416 | D:9      | Reached XP level 11. HP: 13/74 MP: 12/18
 11430 | D:9      | Identified the +0 hat of Onapn {rCorr Str+3}
 11738 | D:9      | Reached skill level 7 in Polearms
 11823 | D:9      | Noticed a centaur warrior
 11831 | D:9      | Noticed a two-headed ogre
 12350 | D:9      | Found a radiant altar of Vehumet.
 12361 | D:9      | Killed a centaur warrior
 12362 | D:9      | Reached skill level 5 in Spellcasting
 12362 | D:9      | Reached skill level 1 in Evocations
 12363 | D:9      | Reached **** piety under Fedhas
 12363 | D:9      | Killed a two-headed ogre
 12746 | D:10     | Entered Level 10 of the Dungeon
 12848 | D:10     | Noticed Joseph
 12887 | D:10     | Noticed a manticore
 13089 | D:10     | Found a staircase to the Lair.
 13116 | D:10     | Killed a manticore
 13134 | D:10     | Killed Joseph
 13135 | D:10     | Reached skill level 8 in Polearms
 13416 | Lair:1   | Entered Level 1 of the Lair of Beasts
 13464 | Lair:1   | Learned a level 4 spell: Fulminant Prism
 13878 | Lair:1   | Noticed Urug
 13904 | Lair:1   | Killed Urug
 13905 | Lair:1   | Reached skill level 5 in Shields
 14648 | Lair:2   | Reached skill level 9 in Polearms
 14663 | Lair:2   | You fall into a shaft and drop 1 floor!
 14774 | Lair:2   | Reached XP level 12. HP: 83/83 MP: 17/20
 14907 | Lair:2   | Found a staircase to the Snake Pit.
 14929 | Lair:2   | Found a dark tunnel.
 14943 | Volcano  | Entered a volcano
 15008 | Volcano  | Found a burning altar of Makhleb.
 15008 | Volcano  | Noticed a hell hog
 15013 | Volcano  | HP: 5/124 [hell hog (4)]
 15014 | Volcano  | Killed from afar by a hell hog

Illustrated notes

.......# #......####
###........... .
#.............. ...
#..............
(...##..............
..................#
....?..@..........# ..
...............## ...
...########....######... #
#.................
###.................
##................### ##
####.#..................
.(.##
###...###)................
#...###...###
#.................


Turn 35 on D:1: hell yeah ##### #P:( ####### #e['..+ ###@'### #......###
+......'.# #.....?### #......# +.[....+ ### #......# #....######''#######
#.......[.[......... Turn 11401 on D:9: oh

Levels and vault maps discovered:
D:1:      dpeg_arrival_simpleton_a, layout_basic, serial_forest,
          infiniplex_forest_zigzag_1, infiniplex_forest_lined_corner,
          infiniplex_forest_lined_2, infiniplex_forest_straight_4,
          infiniplex_forest_lined_2, infiniplex_forest_clump_curved
D:2:      layout_basic, basic_altar, ebering_ecumenical_altar_webs, st_stairs_6
D:3:      layout_basic, grunt_dithmenos_smoke, serial_park_tiny_pond,
          st_stairs_4, minmay_misc_feat_nine_boxes
D:4:      gammafunk_steamed_eel, layout_loops_ring,
          minmay_fractal_squares_gapless_5
D:5:      minmay_diamond_boxcup, layout_loops_ring,
          gammafunk_temple_overflow_claw, minmay_temple_entry_grid,
          minmay_strange_pillars, corexii_item_surrounded_by_moat,
          sigmund_edmund_badplayer
D:6:      layout_basic, trog_hazing_becter, patterned_corridor,
          uniq_blork_the_orc, uniq_menkaure
D:7:      layout_loops_cross, xom_redecorated, grunt_temple_overflow_open,
          serial_shops, nicolae_inconvenience_store, shop,
          nicolae_shop_behind_doors, shop_coins, dk_noncrumbling_4, uniq_duvessa
D:8:      mumra_celtic_spiral_tile, layout_basic
D:9:      layout_irregular_city, nicolae_vehumet_radiance, kennysheep_mini,
          mainiacjoe_overflow_six_doors_small, yredelemnul_altar_generic,
          hangedman_minor_magic
D:10:     layout_roguey, david_lair_generic, minivault_23, uniq_joseph
Temple:   corrupted_temple
Lair:1:   layout_gridlike, uniq_urug
Lair:2:   regret_index_combs_of_tragedy, layout_hall_layers,
          palyth_hydra_swamp_entry, dummy_snake_entry, enter_volcano_3,
          worms_lemuel
Lair:3:   layout_roguey, portal_ice_cave_demonic_guard,
          chequers_serial_rivers_room_b, chequers_serial_rivers_micro_b,
          infiniplex_staircase_pool_2
Volcano:  volcano_lake [vl_original]

Skill      XL: |  1  2  3  4  5  6  7  8  9 10 11 |
---------------+----------------------------------+-----
Dodging        | 3 4 5 6 |  6.6
Stealth        | 4 5 6 |  6.9
Short Blades   | 2 |  2.9
Ice Magic      | 1 2 3 4 5 6 7 |  7.2
Fighting       | 1 2 3 |  3.9
Conjurations   | 1 2 3 4 |  4.9
Armour         | 1 2 |  2.8
Hexes          | 4 5 6 7 |  7.0
Spellcasting   | 3 4 5 |  5.8
Polearms       | 1 4 5 6 9 |  9.3
Invocations    | 1 3 5 7 |  7.4
Shields        | 1 3 5 |  5.2
Throwing       | 1 |  1.3
Evocations     | 1 |  1.2

Action                   |  1- 3 |  4- 6 |  7- 9 | 10-12 || total
-------------------------+-------+-------+-------+-------++-------
Melee: Dagger            |   119 |    45 |    31 |       ||   195
       Trident           |       |       |   319 |   467 ||   786
Throw: Throwing net      |       |     2 |     1 |     4 ||     7
       Javelin           |       |     6 |    14 |     3 ||    23
       Boomerang         |       |       |       |     7 ||     7
       Dart              |       |       |       |     4 ||     4
 Cast: Freeze            |       |     6 |    51 |    15 ||    72
       Dazzling Flash    |       |     1 |     5 |     7 ||    13
       Tukima's Dance    |       |       |    11 |    16 ||    27
       Ensorcelled Hiber |       |       |     5 |       ||     5
       Frozen Ramparts   |       |       |    25 |    29 ||    54
       Fulminant Prism   |       |       |       |     2 ||     2
Invok: Wall of Briars    |       |       |       |     2 ||     2
       Grow Ballistomyce |       |       |       |     2 ||     2
Evoke: Wand              |       |     6 |    18 |    22 ||    46
  Use: Potion            |     1 |     1 |     6 |     7 ||    15
       Scroll            |     5 |     2 |     3 |    14 ||    24
 Stab: Sleeping          |    12 |     2 |    13 |     6 ||    33
       Distracted        |     1 |       |       |     3 ||     4
       Paralysed         |       |     2 |       |     3 ||     5
       Invisible         |       |     1 |     1 |     2 ||     4
       Confused          |       |       |       |     2 ||     2
       Held in net/web   |       |       |       |     2 ||     2
Armor: Robe              |    17 |       |       |       ||    17
       Leather armour    |     7 |     8 |    91 |    71 ||   177
       Skin              |       |       |    27 |       ||    27
Dodge: Dodged            |    74 |    41 |   256 |   286 ||   657
Block: Other             |       |     8 |    90 |     4 ||   102
       Reflection        |       |     1 |     1 |    11 ||    13
       Buckler           |       |       |       |   243 ||   243

Table legend: (Time is in decaauts)
 A = Elapsed time spent in this place.
 B = Non-inter-level travel time spent in this place.
 C = Inter-level travel time spent in this place.
 D = Time resting spent in this place.
 E = Time spent auto-exploring this place.
 F = Levels seen in this place.
 G = Mean time per level.
                   A        B        C        D        E       F      G
               +--------+--------+--------+--------+--------+-----+--------+
         Total |  15033 |  14699 |    334 |   3165 |   8082 |  15 | 1002.2 |
       Dungeon |  13399 |  13084 |    315 |   2775 |   7448 |  10 | 1339.9 |
        Temple |     51 |     51 |      0 |      0 |      0 |   1 |   51.0 |
          Lair |   1513 |   1494 |     19 |    390 |    634 |   3 |  504.3 |
       Volcano |     68 |     68 |      0 |      0 |      0 |   1 |   68.0 |
               +--------+--------+--------+--------+--------+-----+--------+

Top non-repeatable levels by time:
     D:4: 2341 daAuts
     D:9: 1629 daAuts
     D:7: 1538 daAuts
     D:8: 1511 daAuts
     D:1: 1401 daAuts
     D:5: 1345 daAuts
     D:3: 1229 daAuts
  Lair:1: 1217 daAuts
     D:6: 963 daAuts
     D:2: 771 daAuts
    D:10: 669 daAuts
  Lair:2: 249 daAuts
 Volcano: 68 daAuts
  Temple: 51 daAuts
  Lair:3: 46 daAuts
